 Dungeon Crawl Stone Soup version 0.29-a0-409-gd843f3a48c (webtiles) character file.

Game seed: 18054082179148861466

625 Parzival71148 the Chopper (level 7, -1/61 HPs)
             Began as a Hill Orc Fighter on May 5, 2022.
             Succumbed to a scorpion's poison
             ... on level 5 of the Dungeon on May 13, 2022.
             The game lasted 00:10:15 (4032 turns).

Parzival71148 the Chopper (Hill Orc Fighter)        Turns: 4032, Time: 00:10:15

Health: -1/61      AC: 15    Str: 20 (21) XL:     7   Next: 47%
Magic:  7/7        EV:  5    Int:  7 (8)  God:
Gold:   165        SH:  4    Dex:  8 (10) Spells: 6/6 levels left

rFire   . . .      SeeInvis .   a - +0 war axe
rCold   . . .      Faith    .   c - +0 buckler
rNeg    . . .      Spirit   .   j - +0 plate armour
rPois   .          Reflect  .   e - +2 helmet
rElec   .          Harm     .   (no cloak)
rCorr   .          Rampage  .   (no gloves)
Will    .....                   (no boots)
Stlth   ..........              (no amulet)
HPRegen 0.20/turn               (no ring)
MPRegen 0.10/turn               (no ring)

@: lethally poisoned (-1 -> -17)
A: deterioration 1
a: no special abilities


You were on level 5 of the Dungeon.
You visited 1 branch of the dungeon, and saw 5 of its levels.

You collected 165 gold pieces.

Inventory:

Hand Weapons
 a - a +0 war axe (weapon)
Armour
 b - a +0 scale mail
 c - a +0 buckler (worn)
 e - a +2 helmet (worn)
 j - a +0 plate armour (worn)
Wands
 q - a wand of iceblast (6)
Scrolls
 f - a scroll of noise {unknown}
 i - a scroll of amnesia
 l - a scroll of magic mapping
Potions
 d - a potion of might
 g - a potion of curing
 h - a potion of ambrosia
 o - a potion of attraction


   Skills:
 + Level 5.3 Fighting
 + Level 6.9 Axes
 + Level 0.7 Throwing
 + Level 5.4 Armour
 + Level 0.1 Dodging
 + Level 0.2 Stealth
 + Level 4.6 Shields


You had 6 spell levels left.
You didn't know any spells.
Your spell library contained the following spells:

 Spells                   Type           Power      Damage    Failure   Level
 Sting                    Tmut/Pois      0%         1d3       100%        1
 Poisonous Vapours        Pois/Air       0%         N/A       100%        2
 Olgreb's Toxic Radiance  Pois           0%         N/A       100%        4
 Petrify                  Tmut/Erth      0%         N/A       100%        4
 Metabolic Englaciation   Hex/Ice        0%         N/A       100%        5
 Statue Form              Tmut/Erth      0%         N/A       100%        6


Dungeon Overview and Level Annotations

Branches:
Dungeon (5/15)
 Temple: D:4-7

Altars:

Shops:
D:1 ?


Innate Abilities, Weirdness & Mutations

Your body sometimes deteriorates upon taking damage.


Message History

The scorpion stings you.
* * * LOW HITPOINT WARNING * * *
The orc hits you with a +0 flail.
* * * LOW HITPOINT WARNING * * *
The orc priest invokes the aid of Beogh against you.
Pain shoots through your body!
* * * LOW HITPOINT WARNING * * *
You block something's attack.
The orc wizard hits you but does no damage.
You barely miss the orc wizard.
The orc wizard is severely wounded.
You closely miss something. You hit the scorpion. You slash the orc!
You kill the orc!
You hit the orc priest.
You kill the orc priest!
You feel sick.
The scorpion stings you but does no damage.
Something hits you but does no damage. You block the orc wizard's attack.
The scorpion barely misses you.
You completely miss the orc wizard.
The orc wizard is severely wounded.
You closely miss something. You hit the scorpion.
You feel sick. Something hits you but does no damage.
The orc wizard gestures at you while chanting.
The magic dart hits you but does no damage.
You block the scorpion's attack.
You hit the orc wizard.
The orc wizard is severely wounded.
You barely miss the scorpion. You miss something.
You feel sick. The scorpion stings you.
* * * LOW HITPOINT WARNING * * *
You are more poisoned.
The scorpion poisons you! Something hits you but does no damage.
The orc wizard hits you but does no damage.
The scorpion barely misses you.
You slash the orc wizard!
You kill the orc wizard!
You miss something. You hit the scorpion.
You kill the scorpion!
You die...

.... ............#####. #..
...............#... ###
.................# #
........##.......## #
........#.........## #
...................# #
....$....†)........ . #
#......@)......... ..###
##.....{))......... .....
#.................. #..
#............!...... #
#......................## #
#........................# #
............†............###
..........................##
.>.........................#


There were no monsters in sight!

Vanquished Creatures
  A black bear (D:4)
  An ogre (D:4)
  A necrophage (D:5)
  2 scorpions
  A hound (D:2)
  An orc priest (D:5)
  A gnoll shaman (D:5)
  2 iguanas (D:5)
  An orc wizard (D:5)
  5 adders
  3 gnolls (D:5)
  A white imp (D:5)
  2 dart slugs
  2 orcs (D:5)
  10 ball pythons
  10 endoplasms
  6 giant cockroaches
  8 goblins
  11 hobgoblins
  2 jackals (D:4)
  3 quokkas
  13 bats
  3 frilled lizards
  5 kobolds
  A rat (D:1)
96 creatures vanquished.

Notes
Turn   | Place    | Note
-------+----------+-------------------------------------------
     0 | D:1      | Parzival71148 the Hill Orc Fighter began the quest for the
                  | Orb.
     0 | D:1      | Reached XP level 1. HP: 19/19 MP: 1/1
   112 | D:1      | Reached XP level 2. HP: 27/27 MP: 2/2
   454 | D:1      | Found Evva's Magic Scroll Emporium.
   521 | D:1      | Reached XP level 3. HP: 32/33 MP: 3/3
   564 | D:1      | Reached skill level 3 in Axes
   953 | D:2      | Gained mutation: Your body sometimes deteriorates upon
                  | taking damage. [potion of mutation]
  1141 | D:2      | Found a faded altar of an unknown god.
  1173 | D:2      | Upgraded the game from 0.29-a0-380-gf50f0a9fbc to
                  | 0.29-a0-397-g846e4a0bbc
  1213 | D:2      | Reached XP level 4. HP: 36/40 MP: 4/4
  1386 | D:2      | Reached skill level 4 in Axes
  1973 | D:3      | Reached XP level 5. HP: 36/47 MP: 5/5
  2431 | D:4      | Noticed an ogre
  2446 | D:4      | Killed an ogre
  2447 | D:4      | Reached skill level 5 in Axes
  2447 | D:4      | Reached XP level 6. HP: 22/53 MP: 6/6
  2655 | D:4      | Noticed a black bear
  2670 | D:4      | Killed a black bear
  3249 | D:4      | Reached skill level 5 in Fighting
  3249 | D:4      | Reached skill level 6 in Axes
  3352 | D:5      | Entered Level 5 of the Dungeon
  3393 | D:5      | Reached XP level 7. HP: 29/61 MP: 7/7
  3582 | D:5      | Reached skill level 5 in Armour
  3984 | D:5      | Upgraded the game from 0.29-a0-397-g846e4a0bbc to
                  | 0.29-a0-409-gd843f3a48c
  4031 | D:5      | HP: 3/61 [scorpion (2)]
  4032 | D:5      | Succumbed to a scorpion's poison

Illustrated notes

Levels and vault maps discovered:
D:1:      lightli_arrival_statuegarden, layout_basic, serial_shops,
          nicolae_shop_hallway_plus
D:2:      layout_rooms, nicolae_ecumenical_lake_church
D:3:      layout_loops_ring
D:4:      layout_basic
D:5:      layout_layer_cave, evilmike_ruin_ashenzari, lemuel_old_faithful

Skill      XL: |  1  2  3  4  5  6  7 |
---------------+----------------------+-----
Fighting       | 4 5 |  5.3
Axes           | 3 4 5 6 |  6.9
Shields        | 4 |  4.6
Armour         | 4 5 |  5.4
Throwing       | |  0.7
Dodging        | |  0.1
Stealth        | |  0.2

Action                   |  1- 3 |  4- 6 |  7- 9 || total
-------------------------+-------+-------+-------++-------
Melee: War axe           |    98 |   157 |    55 ||   310
Throw: Throwing net      |       |     3 |       ||     3
  Use: Potion            |     3 |       |     6 ||     9
       Scroll            |     2 |       |     3 ||     5
 Stab: Held in net/web   |       |     1 |       ||     1
Armor: Scale mail        |    54 |       |       ||    54
       Plate armour      |    32 |   156 |    61 ||   249
Dodge: Dodged            |    58 |    61 |    27 ||   146
Block: Buckler           |    31 |    39 |    22 ||    92

Table legend: (Time is in decaauts)
 A = Elapsed time spent in this place.
 B = Non-inter-level travel time spent in this place.
 C = Inter-level travel time spent in this place.
 D = Time resting spent in this place.
 E = Time spent auto-exploring this place.
 F = Levels seen in this place.
 G = Mean time per level.
                   A        B        C        D        E       F      G
               +--------+--------+--------+--------+--------+-----+--------+
         Total |   4130 |   3987 |    143 |     64 |   2916 |   5 |  826.0 |
       Dungeon |   4130 |   3987 |    143 |     64 |   2916 |   5 |  826.0 |
               +--------+--------+--------+--------+--------+-----+--------+

Top non-repeatable levels by time:
     D:1: 969 daAuts
     D:4: 933 daAuts
     D:2: 817 daAuts
     D:3: 716 daAuts
     D:5: 693 daAuts
